[Event "*** Titled Tuesday Blitz"]
[Site "Chess.com"]
[Date "2021.03.16"]
[Round "1"]
[White "Smile2005"]
[Black "ckgchess"]
[Result "1-0"]
[WhiteElo "2428"]
[BlackElo "2759"]
[TimeControl "180+1"]
[EndTime "10:06:26 PDT"]
[Termination "Smile2005 won on time"]

1. Nf3 g6 2. g3 Bg7 3. Bg2 Nf6 4. O-O O-O 5. d3 d5 6. Nc3 c5 7. e4 d4 8. Nb1 Nc6 9. a4 e5 10. Na3 h6 11. Nc4 Qc7 12. Bd2 b6 13. b3 Ne8 14.
Nh4 Nd6 15. Nxd6 Qxd6 16. f4 exf4 17. Bxf4 Ne5 18. Nf3 Bg4 19. h3 Bxf3 20. Bxf3 Nxf3+ 21. Qxf3 Qe6 22. Kg2 Rae8 23. a5 f5 24. axb6 fxe4 25. Qxe4 Qxb6 26. Qd5+ Kh7 27. Rae1 Rxe1 28. Rxe1 Qf6 29.
Re6 Qf7 30. Qe4 Bf6 31. Bd6 Rd8 32. Bxc5 Rc8 33. b4 a5 34. Rxf6 Qxf6 35. Qb7+ Qg7 36. Qxc8 axb4 37. Qb8 1-0

[Event "*** Titled Tuesday Blitz"]
[Site "Chess.com"]
[Date "2021.03.16"]
[Round "1"]
[White "Vincent_Vega95"]
[Black "volkanyirik"]
[Result "1-0"]
[WhiteElo "2747"]
[BlackElo "2400"]
[TimeControl "180+1"]
[EndTime "10:06:27 PDT"]
[Termination "Vincent_Vega95 won by resignation"]

1. d4 Nf6 2. c4 c5 3. d5 b5 4. cxb5 a6 5. bxa6 Bxa6 6. Nc3 d6 7. g3 g6 8. Bg2 Bg7 9. Nf3 O-O 10. O-O Nbd7 11.
Rb1 Qa5 12. Bd2 Rfb8 13. Re1 Ng4 14. a3 Nge5 15. Ne4 Qb6 16. b4 cxb4 17. Rxb4 Qa7 18. Nd4 Rxb4 19. Bxb4 Qxd4 20. Qxd4 Nf3+ 21. Bxf3 Bxd4 22.
e3 Ne5 23. Be2 Bb2 24. Kf1 Nd3 25. Rb1 Nxb4 26. axb4 Be5 27. Bxa6 Rxa6 28. b5 Rb6 29. Nd2 e6 30. Nc4 Rb7 31. Nxe5 dxe5 32. dxe6 fxe6 33.
b6 Kf7 34. Ke2 Ke7 35. Kf3 Kd6 36. Ke4 Kc6 37. Kxe5 1-0

[Event "*** Titled Tuesday Blitz"]
[Site "Chess.com"]
[Date "2021.03.16"]
[Round "1"]
[White "Alekseyviktorovich"]
[Black "sokidze"]
[Result "1-0"]
[WhiteElo "2402"]
[BlackElo "2707"]
[TimeControl "180+1"]
[EndTime "10:06:27 PDT"]
[Termination "Alekseyviktorovich won by resignation"]

1. e4 c5 2. a3 d5 3. exd5 Nf6 4.
Bb5+ Bd7 5. Bxd7+ Qxd7 6. c4 e6 7. Qe2 Bd6 8. dxe6 fxe6 9. Nf3 Nc6 10. O-O O-O 11. d3 Ng4 12. h3 Rxf3 13. Qxf3 Nh2 14.
Qe4 Nxf1 15. Kxf1 Rf8 16. Nc3 Nd4 17. Be3 Nf5 18. Kg1 b6 19. Bd2 Bb8 20. Re1 Nd4 21.
Nb5 Qf7 22. f3 Nxb5 23. cxb5 Re8 24. Bc3 Qd7 25. a4 Bd6 26. d4 cxd4 27. Bxd4 Bg3 28. Rc1 Qf7 29. Be5 Bxe5 30. Qxe5 Qd7 31. Rc7 Qd1+ 32.
Kh2 1-0

[Event "*** Titled Tuesday Blitz"]
[Site "Chess.com"]
[Date "2021.03.16"]
[Round "1"]
[White "GM4life"]
[Black "Keithonsky"]
[Result "1-0"]
[WhiteElo "2321"]
[BlackElo "2613"]
[TimeControl "180+1"]
[EndTime "10:06:27 PDT"]
[Termination "GM4life won by resignation"]

1. e4 c5 2. Nf3 e6 3. d4 cxd4 4. Nxd4 a6 5. Nc3 Qc7 6. Bd3 d6 7. O-O Nf6 8. Kh1 b5 9. a3 Bb7 10. f4 Nbd7 11. Qe2 h5 12. Bd2 h4 13. Rae1 h3 14.
f5 e5 15. Nf3 Ng4 16. Nd5 hxg2+ 17. Qxg2 Bxd5 18. exd5 Ngf6 19. Nd4 Be7 20. Nc6 Nb8 21. Ba5 Qb7 22. c4 Kd7 23. Qxg7 Nxc6 24. dxc6+ Qxc6+ 25. Qg2 Qxg2+ 26. Kxg2 Rag8+ 27. Kh1 bxc4 28. Bxc4 d5 29. Bxa6 e4 30. Bb5+ Kc8 31. Rc1+ Kb7 32. Rc7+ Kb8 33.
Rxe7 Ng4 34. Bc7+ Kb7 35. Be5+ Kb6 36. Bxh8 Rxh8 37. Be2 Nxh2 38. Rf4 Nf3+ 39. Kg2 Rh2+ 40. Kf1 Rh1+ 41. Kf2 Rh2+ 42. Ke3 d4+ 43. Kxe4 Rxe2+ 44. Kxf3 Rxe7 45. Rxd4 Kc5 46. Rb4 Re5 47. Kf4 Re1 48.
Re4 Rh1 49. Re7 f6 50. Re6 Rh4+ 51. Kf3 Rh6 52. b4+ Kd5 53. a4 Rh3+ 54. Kg4 Rb3 55. Rb6 Ke5 56. Rb5+ Ke4 57. a5 Rb1 58. a6 Rg1+ 59.
Kh3 Kf3 60. Kh2 Rg2+ 61. Kh1 Rg1+ 62. Kxg1 1-0

[Event "*** Titled Tuesday Blitz"]
[Site "Chess.com"]
[Date "2021.03.16"]
[Round "1"]
[White "Firegrizzly"]
[Black "DrMamaliga"]
[Result "1-0"]
[WhiteElo "2648"]
[BlackElo "2340"]
[TimeControl "180+1"]
[EndTime "10:06:28 PDT"]
[Termination "Firegrizzly won by resignation"]

1. d4 d5 2. Nf3 Nf6 3. Bf4 g6 4.
e3 Bg7 5. Be2 O-O 6. Nbd2 e6 7.
h3 Nbd7 8. O-O b6 9. c4 Bb7 10. a4 c5 11. a5 cxd4 12. exd4 dxc4 13. Nxc4 Nd5 14. Bd6 Re8 15. Bh2 Ba6 16. axb6 axb6 17. Rxa6 Rxa6 18. Nd6 Ra8 19. Nxe8 Qxe8 20. Bb5 Qe7 21.
Bc6 Rc8 22. Bxd5 exd5 23. Qb3 Rc4 24. Bg3 Qb4 25. Qe3 Nf6 26. Ra1 Rc8 27. Ra2 Ne4 28.
Be5 Bxe5 29. dxe5 Nc3 30. Ra7 d4 31. Qh6 Ne2+ 32. Kh2 d3 33. e6 Qd6+ 34. g3 Qxe6 35. Ng5 Qe5 36. Qxh7+ 1-0

[Event "*** Titled Tuesday Blitz"]
[Site "Chess.com"]
[Date "2021.03.16"]
[Round "1"]
[White "FairChess_on_YouTube"]
[Black "Shuvalov"]
[Result "1-0"]
[WhiteElo "2974"]
[BlackElo "2487"]
[TimeControl "180+1"]
[EndTime "10:06:29 PDT"]
[Termination "FairChess_on_YouTube won on time"]

1. e4 e6 2. d4 d5 3. Nc3 Bb4 4. e5 c5 5. dxc5 Nc6 6. Nf3 Bxc5 7. Bd3 f6 8. Bf4 g5 9. Bg3 f5 10. h4 g4 11. Nd2 Nh6 12. Nb3 Be7 13. Qd2 Nf7 14. O-O-O Bd7 15. Rhe1 Nb4 16. Bxf5 a5 17. Bxg4 a4 18. Nd4 a3 19. b3 Qb6 20. Kb1 Rc8 21. Bh5 O-O 22. Re3 Bc5 23. Rf3 Be8 24. Nce2 Bxd4 25.
Nxd4 Nh6 26. Rxf8+ Kxf8 27. Qxh6+ Ke7 28. Qf6+ Kd7 29.
Bg4 Kc7 30. Qxe6 Rd8 31. Qxb6+ Kxb6 32. e6 Bc6 33. e7 Rg8 34. Be6 Rg7 35. Nxc6 1-0

[Event "*** Titled Tuesday Blitz"]
[Site "Chess.com"]
[Date "2021.03.16"]
[Round "1"]
[White "Murad_Ibrahimli"]
[Black "oganromchess"]
[Result "1-0"]
[WhiteElo "2774"]
[BlackElo "2412"]
[TimeControl "180+1"]
[EndTime "10:06:30 PDT"]
[Termination "Murad_Ibrahimli won by resignation"]

1. e4 c5 2. Nf3 d6 3. d4 cxd4 4. Nxd4 Nf6 5. Nc3 a6 6. Be2 e6 7. O-O Be7 8. f4 O-O 9. a4 Nc6 10. Kh1 Re8 11. Be3 Bf8 12. Nb3 e5 13. f5 Nb4 14. Bg5 Bd7 15. Bf3 Rc8 16. Qd2 d5 17. Bxf6 Qxf6 18. exd5 Qxf5 19. Be4 Qh5 20. d6 f5 21. Bxb7 Rc4 22. g4 Qg6 23. gxf5 Bxf5 24. Rg1 Qf7 25. Raf1 Qxb7+ 26. Rg2 Be4 27. Nxe4 Rxe4 28.
Nc5 Qc6 29. Nxe4 Qxe4 30. d7 Qd5 31. Qxd5+ 1-0

[Event "*** Titled Tuesday Blitz"]
[Site "Chess.com"]
[Date "2021.03.16"]
[Round "1"]
[White "ZverevLev"]
[Black "tylityli"]
[Result "0-1"]
[WhiteElo "2580"]
[BlackElo "2277"]
[TimeControl "180+1"]
[EndTime "10:06:31 PDT"]
[Termination "tylityli won on time"]

1. e4 e5 2. Nf3 Nc6 3. Bb5 a6 4.
Ba4 Nf6 5. O-O Be7 6. Re1 b5 7. Bb3 d6 8. a4 b4 9. c3 O-O 10. d4 bxc3 11. bxc3 Na5 12. Ba2 Bg4 13. Be3 Nxe4 14. Bd5 Nf6 15. Bxa8 Qxa8 16. h3 Bh5 17. dxe5 dxe5 18. Nbd2 Bd6 19. Qc2 Bg6 20. Qa2 Qc6 21. Rac1 Bd3 22. Bg5 e4 23. Nd4 Qb7 24. Bxf6 gxf6 25. Nf5 Bf4 0-1

[Event "*** Titled Tuesday Blitz"]
[Site "Chess.com"]
[Date "2021.03.16"]
[Round "1"]
[White "elegant285"]
[Black "ChessQueen"]
[Result "0-1"]
[WhiteElo "2381"]
[BlackElo "2721"]
[TimeControl "180+1"]
[EndTime "10:06:34 PDT"]
[Termination "ChessQueen won by resignation"]

1. d4 Nf6 2. c4 e6 3. Nf3 d5 4. g3 dxc4 5. Bg2 Nc6 6. O-O Rb8 7. e3 b5 8. Qe2 Nb4 9. b3 Be7 10. Rd1 cxb3 11. axb3 a6 12. Ne5 O-O 13. Bd2 Bb7 14.
Bxb7 Rxb7 15. Bxb4 Bxb4 16. Nc6 Qd6 17. Rxa6 Nd5 18.
e4 Nc3 19. Qc2 Nxd1 20. Qxd1 Rb6 21. Rxb6 cxb6 22. d5 exd5 23. Qxd5 Bc5 24. Nc3 b4 25. Qxd6 Bxd6 26. Nd5 Ra8 27. e5 Bc5 28. Ndxb4 Ra1+ 29.
Kg2 Bxb4 30. Nxb4 Rb1 31. Nc6 Rxb3 32. f4 Kf8 33. Kf2 Ke8 34. Nd4 Rc3 35. Ke2 Kd7 36.
Nb5 Rb3 37. Nd4 Rb2+ 38. Kd3 Rxh2 39. Ke4 g6 40. g4 h5 41. gxh5 gxh5 42. f5 h4 43. Kd5 Rd2 44. e6+ fxe6+ 45. fxe6+ Ke7 46. Ke5 Rxd4 0-1

[Event "*** Titled Tuesday Blitz"]
[Site "Chess.com"]
[Date "2021.03.16"]
[Round "1"]
[White "juli2512"]
[Black "Agibileg"]
[Result "0-1"]
[WhiteElo "2170"]
[BlackElo "2522"]
[TimeControl "180+1"]
[EndTime "10:06:36 PDT"]
[Termination "Agibileg won by checkmate"]

1. e4 c5 2. d3 e6 3. Nc3 Nc6 4. g3 Nf6 5. Bg2 Be7 6. f4 d6 7. Nf3 O-O 8. O-O Rb8 9. h3 b5 10. Be3 a5 11. g4 Qc7 12. Ne2 d5 13. e5 Nd7 14. Ng3 b4 15. Nh5 a4 16. a3 bxa3 17. bxa3 Ba6 18. Qd2 Rb2 19. Qc3 Rfb8 20. Bf2 Qa5 21.
Qxa5 Nxa5 22. f5 Rxc2 23. f6 gxf6 24. exf6 Nxf6 25. Bg3 Rbb2 26. Rf2 Nxh5 27. gxh5 Rxf2 28. Bxf2 Bxd3 29. Ne5 Bf5 30. Re1 Nb3 31. h6 Bf6 32. Nd7 Bd4 33. Bxd4 cxd4 34. Rf1 d3 35. Bf3 Nd2 36.
Rf2 Nxf3+ 37. Rxf3 d2 38. Rg3+ Kh8 39. Nf6 d1=Q# 0-1

[Event "*** Titled Tuesday Blitz"]
[Site "Chess.com"]
[Date "2021.03.16"]
[Round "1"]
[White "Revnov"]
[Black "whogeeyao"]
[Result "1-0"]
[WhiteElo "2700"]
[BlackElo "2363"]
[TimeControl "180+1"]
[EndTime "10:06:41 PDT"]
[Termination "Revnov won by checkmate"]

1. e4 c5 2. Nf3 e6 3. d4 cxd4 4. Nxd4 Nc6 5. Nc3 Qc7 6. a3 Nf6 7.
Be3 a6 8. f4 d6 9. Bd3 Be7 10.
O-O O-O 11. Qd2 Nxd4 12. Bxd4 e5 13. Be3 exf4 14. Bd4 Be6 15. Rae1 Nd7 16. Qxf4 Ne5 17. Re3 Ng6 18. Qf2 Bh4 19. Qe2 b5 20. Qh5 Qe7 21. Nd5 Qg5 22. Qe2 Bxd5 23. exd5 Qxd5 24. c3 Qb3 25. Qh5 Qxb2 26. Rh3 Qd2 27. Rxh4 Qxd3 28. Qxh7# 1-0

[Event "*** Titled Tuesday Blitz"]
[Site "Chess.com"]
[Date "2021.03.16"]
[Round "1"]
[White "ChessWarrior7197"]
[Black "guillembaches"]
[Result "1-0"]
[WhiteElo "2911"]
[BlackElo "2472"]
[TimeControl "180+1"]
[EndTime "10:06:42 PDT"]
[Termination "ChessWarrior7197 won on time"]

1. e4 c5 2. Nf3 d6 3. d4 cxd4 4.
Qxd4 Nc6 5. Bb5 a6 6. Bxc6+ bxc6 7. c4 e5 8. Qd3 Ne7 9. Nc3 Ng6 10. O-O Be7 11.
b3 O-O 12. Ba3 Nf4 13. Qd2 Bg4 14. Ne1 Qc7 15. Nc2 Rad8 16. Ne3 Be6 17. Rad1 g6 18. g3 Nh5 19. Ne2 f5 20. exf5 gxf5 21. f4 Nf6 22. Qb2 e4 23. Nd4 Qc8 24. Qc3 Rf7 25. Bb2 Bd7 26. Kh1 Bf8 27. Qa5 c5 28. Ndxf5 Bxf5 29. Nxf5 Qxf5 30. Qxd8 e3 31. Rde1 Ng4 32. Qg5+ Qxg5 33.
fxg5 Rxf1+ 34. Rxf1 Be7 35. h4 Nf2+ 36. Kg2 Nd3 37. Kf3 Nxb2 38. Kxe3 Bf8 39. Kd2 Bg7 40.
Kc2 Bd4 41. Rf5 a5 42. Rd5 a4 43. Rxd6 axb3+ 44. axb3 Kf7 45. Rxd4 cxd4 46. Kxb2 Ke6 47. b4 Ke5 48. Kc2 Ke4 49. Kd2 1-0

[Event "*** Titled Tuesday Blitz"]
[Site "Chess.com"]
[Date "2021.03.16"]
[Round "1"]
[White "AttilaTurzo"]
[Black "Grineva_Marianna"]
[Result "0-1"]
[WhiteElo "2565"]
[BlackElo "2263"]
[TimeControl "180+1"]
[EndTime "10:06:43 PDT"]
[Termination "Grineva_Marianna won by resignation"]

1. d4 d6 2. e4 Nf6 3. Nc3 g6 4. Be3 a6 5. Qd2 b5 6. f3 Nbd7 7. a3 Nb6 8. h4 Bb7 9. g4 h5 10. g5 Nfd7 11. a4 b4 12. Nd1 a5 13.
c3 b3 14. Bd3 Bg7 15. Ne2 Bc6 16. f4 Bxa4 17. f5 O-O 18. fxg6 fxg6 19. Nf4 Rxf4 20. Bxf4 e5 21. Be3 exd4 22. cxd4 c5 23. d5 Ne5 24. O-O Bd7 25. Nf2 Nf3+ 26. Kg2 Nxd2 27. Bxd2 c4 28. Be2 a4 29. Nd1 Qe7 30. Bf3 Qe5 31.
Bc3 Qe7 32. Bxg7 Qxg7 33. Nc3 Qe5 34. Be2 Rf8 35. Rxf8+ Kxf8 36. Rf1+ Kg7 37. Nd1 Bg4 38. Bxg4 hxg4 39. Rf6 Qxe4+ 40. Kf1 Qxd5 41. Ne3 Qe5 42. Nxg4 Qxb2 43. Rxd6 a3 44. Rxb6 a2 45. Rb7+ Kf8 46.
Rb8+ Ke7 47. Rb7+ Kd6 0-1

[Event "*** Titled Tuesday Blitz"]
[Site "Chess.com"]
[Date "2021.03.16"]
[Round "1"]
[White "Darius321"]
[Black "MatyChess1"]
[Result "0-1"]
[WhiteElo "2270"]
[BlackElo "2609"]
[TimeControl "180+1"]
[EndTime "10:06:45 PDT"]
[Termination "MatyChess1 won by resignation"]

1. e4 c5 2. Nf3 d6 3. Bb5+ Nd7 4. c3 Nf6 5. Qe2 a6 6. Ba4 b5 7. Bc2 Bb7 8. O-O e6 9. a4 Bc6 10. d4 Be7 11. Nbd2 O-O 12. a5 Re8 13. b4 Rc8 14. e5 Nd5 15. exd6 Bxd6 16. dxc5 Bf8 17. Ne4 f5 18. Ng3 Nxc3 19. Qd3 Nd5 20. Bb2 Nxb4 21. Qb3 Nxc2 22. Qxc2 Bxf3 23. gxf3 Nxc5 24. Rfd1 Qh4 25.
Rac1 Qf4 26. Qe2 h5 27. Kh1 h4 28. Nh5 Qg5 29. f4 Qg4 30. Qxg4 fxg4 31. Rg1 Nd3 32.
Rxg4 Rxc1+ 33. Bxc1 Nxf2+ 34. Kg2 Nxg4 0-1

[Event "*** Titled Tuesday Blitz"]
[Site "Chess.com"]
[Date "2021.03.16"]
[Round "1"]
[White "HrvojeZagreb"]
[Black "ENajer77"]
[Result "0-1"]
[WhiteElo "2300"]
[BlackElo "2626"]
[TimeControl "180+1"]
[EndTime "10:06:47 PDT"]
[Termination "ENajer77 won by checkmate"]

1. d4 Nf6 2. Bf4 c5 3. e3 Nd5 4.
Bg3 Qb6 5. b3 g6 6. c4 Nf6 7.
Nc3 Bg7 8. Nf3 O-O 9. Rc1 d6 10. Be2 cxd4 11. exd4 h6 12. O-O Nh5 13. Nd5 Qd8 14.
Re1 Nxg3 15. hxg3 Nc6 16. Nf4 Bd7 17. d5 Ne5 18. Nxe5 Bxe5 19. Bg4 Rc8 20. Bxd7 Qxd7 21.
Nd3 Bf6 22. a4 h5 23. Nf4 Be5 24. Qd3 Kg7 25. f3 h4 26. Qe3 hxg3 27. Nd3 Bf6 28. f4 Qg4 29. Qf3 Qxf3 30. gxf3 Rh8 31. Kg2 Rh2+ 32.
Kxg3 Rch8 33. Rg1 R8h3+ 34. Kg4 Rh4+ 35. Kg3 R4h3+ 36. Kg4 Bd4 37. f5 Bxg1 38. Rxg1 Rh4+ 39. Kg3 g5 40. Nf2 Rh8 41. Ng4 R8h3# 0-1

[Event "*** Titled Tuesday Blitz"]
[Site "Chess.com"]
[Date "2021.03.16"]
[Round "1"]
[White "Onischuk_V"]
[Black "Tekushka"]
[Result "1-0"]
[WhiteElo "2834"]
[BlackElo "2442"]
[TimeControl "180+1"]
[EndTime "10:06:49 PDT"]
[Termination "Onischuk_V won by checkmate"]

1. Nf3 d5 2. g3 Nd7 3. Bg2 e5 4.
O-O Ngf6 5. d4 e4 6. Ne5 Bd6 7. Nxd7 Bxd7 8. c4 c6 9. Nc3 h6 10. f3 exf3 11. Bxf3 Be6 12. cxd5 cxd5 13. Qa4+ Qd7 14.
Qxd7+ Kxd7 15. Bf4 Bb4 16. Be5 Bxc3 17. bxc3 Rhc8 18.
Rac1 Rc4 19. Bxf6 gxf6 20. e4 dxe4 21. Bxe4 Rac8 22. Bxb7 R8c7 23. Bg2 Rxc3 24. Rxc3 Rxc3 25. d5 Bg4 26. h3 Bh5 27. g4 Bg6 28. Rxf6 Rc1+ 29.
Kh2 Rc2 30. Kg3 Rxa2 31. h4 Ra3+ 32. Kf4 Ra4+ 33. Ke5 h5 34. gxh5 Bxh5 35. Bh3+ Ke8 36. Rc6 Rxh4 37. Rc8+ Ke7 38. d6# 1-0

[Event "*** Titled Tuesday Blitz"]
[Site "Chess.com"]
[Date "2021.03.16"]
[Round "1"]
[White "albi1999"]
[Black "Fortitudine"]
[Result "0-1"]
[WhiteElo "2596"]
[BlackElo "2299"]
[TimeControl "180+1"]
[EndTime "10:06:49 PDT"]
[Termination "Fortitudine won by checkmate"]

1. d4 Nf6 2. Bg5 d5 3. Bxf6 exf6 4. e3 c6 5. c4 dxc4 6. Bxc4 Bd6 7. Ne2 O-O 8. Nbc3 Re8 9. Qc2 Be6 10. Bd3 h6 11. O-O Nd7 12. a3 Rc8 13. b4 b6 14. Rfd1 Qe7 15.
Be4 g6 16. Rac1 f5 17. Bf3 Nf6 18. Qa4 c5 19. dxc5 bxc5 20. b5 g5 21. Bc6 Red8 22. g3 h5 23. h4 Ng4 24. hxg5 Qxg5 25. Nf4 h4 26. gxh4 Qxh4 27. Qc2 Bxf4 28. exf4 Qh6 29. Nd5 Qh2+ 30. Kf1 Bxd5 31. Bxd5 Rxd5 32. Rxd5 Qh1+ 33. Ke2 Qxd5 34. Rd1 Re8+ 35. Kf1 Qh1# 0-1

[Event "*** Titled Tuesday Blitz"]
[Site "Chess.com"]
[Date "2021.03.16"]
[Round "1"]
[White "AsaHoffmann"]
[Black "Abund"]
[Result "0-1"]
[WhiteElo "2358"]
[BlackElo "2699"]
[TimeControl "180+1"]
[EndTime "10:06:51 PDT"]
[Termination "Abund won by resignation"]

1. d4 Nf6 2. Bg5 d5 3. Nd2 h6 4. Bh4 Bf5 5. e3 e6 6. c4 c6 7.
Qb3 Qb6 8. c5 Qc7 9. Bg3 Qc8 10.
Be2 Nbd7 11. h3 Be7 12. Ngf3 b6 13.
cxb6 axb6 14. Rc1 Qb7 15. O-O O-O 16. a3 c5 17. Bb5 Rfc8 18. Bxd7 Nxd7 19. dxc5 Nxc5 20.
Qd1 Nd3 21. Rxc8+ Rxc8 22. Qb3 Nc1 23. Qd1 Qa6 24. Nd4 Bg6 25. N2b3 Nd3 26. Qd2 Qc4 27. Na1 Qa2 28. f4 Be4 29. f5 e5 30. Nf3 f6 31. Nh4 Qxb2 32. Qxb2 Nxb2 33. Ng6 Bxa3 34. Nb3 Nc4 35. Ra1 Kf7 36. h4 Bxf5 0-1

[Event "*** Titled Tuesday Blitz"]
[Site "Chess.com"]
[Date "2021.03.16"]
[Round "1"]
[White "hermionegrangermagic"]
[Black "winniethepooh04"]
[Result "1-0"]
[WhiteElo "2553"]
[BlackElo "2225"]
[TimeControl "180+1"]
[EndTime "10:06:51 PDT"]
[Termination "hermionegrangermagic won by resignation"]

1. e4 c5 2. Nf3 d6 3. d4 cxd4 4. Nxd4 Nf6 5. Nc3 a6 6. Be3 e6 7.
Be2 Be7 8. O-O O-O 9. f4 Qc7 10. Kh1 Nc6 11. Qe1 Bd7 12. Qg3 b5 13. a3 Rab8 14.
e5 Ne8 15. Bd3 b4 16. axb4 Nxd4 17. Bxd4 Rxb4 18. Ne2 dxe5 19. Bxe5 Bd6 20. Bc3 Ra4 21.
Bxa6 Rxa1 22. Rxa1 f6 23. Bd3 e5 24. fxe5 Bxe5 25.
Bxe5 Qxe5 26. Qxe5 fxe5 27. Kg1 Nd6 28. Rd1 Rf6 29.
Nc3 Bg4 30. Rf1 Bf5 31. Nd5 Rf7 32. Bxf5 Rxf5 33. Ne7+ 1-0

[Event "*** Titled Tuesday Blitz"]
[Site "Chess.com"]
[Date "2021.03.16"]
[Round "1"]
[White "Bacyanide"]
[Black "BahadirOzen"]
[Result "0-1"]
[WhiteElo "2413"]
[BlackElo "2776"]
[TimeControl "180+1"]
[EndTime "10:06:52 PDT"]
[Termination "BahadirOzen won by checkmate"]

1. d4 g6 2. c4 Bg7 3. Nc3 d6 4. e4 c6 5. Nf3 Bg4 6. Be2 Qb6 7. d5 Nd7 8. O-O Ngf6 9. h3 Bxf3 10. Bxf3 O-O 11.
Be2 Rfe8 12. Rb1 a6 13. Be3 Qc7 14. Rc1 e6 15. dxc6 Qxc6 16. Qc2 Rac8 17. Rfd1 Nb6 18. b3 d5 19. exd5 exd5 20. Bf3 Rxe3 21. fxe3 Qe6 22. Nxd5 Nfxd5 23. Bxd5 Nxd5 24. Rxd5 Qxe3+ 25. Kh1 Be5 26.
Rcd1 Qg3 27. Kg1 Qh2+ 28. Kf1 Rc6 29. Qe4 Rf6+ 30. Ke2 Re6 31. Kd3 Bf6 32. Qf3 Qc7 33. Kc2 Qe7 34. Rd7 Qa3 35. Rd8+ Kg7 36. R8d2 Qxa2+ 37. Kc1 Qa1+ 38. Kc2 Qb2+ 39. Kd3 Qc3# 0-1

[Event "*** Titled Tuesday Blitz"]
[Site "Chess.com"]
[Date "2021.03.16"]
[Round "1"]
[White "jacky72"]
[Black "Julianos82"]
[Result "0-1"]
[WhiteElo "2707"]
[BlackElo "2404"]
[TimeControl "180+1"]
[EndTime "10:06:52 PDT"]
[Termination "Julianos82 won by resignation"]

1. d4 d5 2. c4 dxc4 3. Nf3 c6 4. e3 Be6 5. Ng5 Qa5+ 6. Nc3 Qxg5 7. e4 Qg6 8. d5 cxd5 9. exd5 Bd7 10. Be3 e6 11. Qf3 Bd6 12. Bxc4 e5 13. Nb5 Bb4+ 14. Kf1 Bxb5 15. Bxb5+ Nd7 16. d6 e4 17. Qf4 Bxd6 18.
Qh4 Nf6 19. Rd1 Be7 20. Qf4 a6 21. Ba4 b5 22. Bc2 O-O 23. h4 Rac8 24. Bb1 Rfd8 25. h5 Qg4 26. Qxg4 Nxg4 27. Bf4 Ndf6 28. Re1 Bd6 29. Bg5 Re8 30. h6 Nxh6 31. Bxh6 gxh6 32. Rxh6 Kg7 33. Rh4 e3 34. Rd4 Bc5 35. Rdd1 exf2 36. Re2 Rxe2 37. Kxe2 Re8+ 38. Kd2 Ne4+ 39. Bxe4 Rxe4 40.
b4 Rd4+ 41. Ke2 Rxd1 42. Kxd1 f1=Q+ 0-1

[Event "*** Titled Tuesday Blitz"]
[Site "Chess.com"]
[Date "2021.03.16"]
[Round "1"]
[White "pavelalexandru07"]
[Black "rychessmaster1"]
[Result "0-1"]
[WhiteElo "2297"]
[BlackElo "2620"]
[TimeControl "180+1"]
[EndTime "10:06:52 PDT"]
[Termination "rychessmaster1 won on time"]

1. e4 c6 2. d4 d5 3. Nc3 dxe4 4. Nxe4 Nf6 5. Ng3 h5 6. h4 c5 7. Be3 cxd4 8. Bxd4 Nc6 9. Bc3 Be6 10. Nf3 g6 11.
Ng5 Bd5 12. f3 Bg7 13. Bd3 Qc7 14. Kf2 O-O 15. Qe2 Rad8 16. Rhe1 Rfe8 17. N3e4 Nxe4+ 18. Nxe4 Bxe4 19. Qxe4 Bxc3 20. bxc3 Qb6+ 21. Kf1 Qc5 22. g4 Rd6 23. Qf4 Rf6 24. Qg3 hxg4 25. f4 Qxc3 26.
Kg2 Qc5 27. h5 Nd4 28. hxg6 fxg6 0-1

[Event "*** Titled Tuesday Blitz"]
[Site "Chess.com"]
[Date "2021.03.16"]
[Round "1"]
[White "Jumbo"]
[Black "organdzievhren"]
[Result "1-0"]
[WhiteElo "2815"]
[BlackElo "2434"]
[TimeControl "180+1"]
[EndTime "10:06:53 PDT"]
[Termination "Jumbo won by resignation"]

1. d4 d5 2. c4 Bf5 3. cxd5 Bxb1 4. Qa4+ Qd7 5. Qxd7+ Nxd7 6. Rxb1 Ngf6 7. e3 Nxd5 8. Nf3 e6 9. a3 f5 10. Bc4 c6 11. Ke2 Bd6 12. h3 h6 13. g4 g5 14. Bd2 N7f6 15. Rbg1 O-O-O 16. Bd3 Ne4 17. Ba5 b6 18. Be1 Rdf8 19. h4 Ndf6 20. gxf5 exf5 21. hxg5 hxg5 22. Rxh8 Rxh8 23. Nxg5 Rg8 24. Nxe4 Rxg1 25. Nxd6+ Kc7 26. Nxf5 c5 27. dxc5 bxc5 28. Ng3 Kd6 29.
Ne4+ Nxe4 30. Bxe4 c4 31. Bc3 Kc5 32. f4 a6 33. f5 Rg4 34. f6 Kd6 35. Kf3 Rg1 36. Kf2 Rg4 37. Bf3 Rh4 38. e4 Ke6 39. e5 Rh2+ 40. Ke3 Rh4 41. Bb7 Kd7 42. Bd5 Rh3+ 43. Kd4 Rh4+ 44. Kc5 Rh5 45. e6+ Kd8 46. Kd6 1-0

[Event "*** Titled Tuesday Blitz"]
[Site "Chess.com"]
[Date "2021.03.16"]
[Round "1"]
[White "digilik"]
[Black "hypert"]
[Result "0-1"]
[WhiteElo "2239"]
[BlackElo "2570"]
[TimeControl "180+1"]
[EndTime "10:06:53 PDT"]
[Termination "hypert won on time"]

1. e4 c5 2. Nf3 Nc6 3. Bb5 e6 4. O-O Nge7 5. Re1 a6 6. Bf1 Ng6 7. c3 d5 8. e5 Be7 9. d4 O-O 10.
a3 c4 11. g3 Bd7 12. h4 f5 13. exf6 Bxf6 14. h5 Nge7 15. Bh3 Qe8 16. Ng5 Bxg5 17. Bxg5 Qf7 18. Qe2 Nf5 19. Nd2 Rae8 20. Bf4 e5 21. dxe5 Nxg3 22. fxg3 Bxh3 23. Kh2 Bf5 24. h6 Bd3 25. Qg4 g6 26. Nf3 Bf5 27. Qh4 Be4 28. Ng5 Qf5 29. e6 Ne5 30. Bxe5 Qxe5 31. Nxe4 dxe4 32.
Qxe4 Rf2+ 33. Kh3 Qh5+ 34. Qh4 Qf5+ 35. g4 Qd3+ 36. Qg3 Rf3 37. Rg1 Rxe6 0-1

[Event "*** Titled Tuesday Blitz"]
[Site "Chess.com"]
[Date "2021.03.16"]
[Round "1"]
[White "adriangschnitzer"]
[Black "C_K_G"]
[Result "1-0"]
[WhiteElo "2499"]
[BlackElo "2002"]
[TimeControl "180+1"]
[EndTime "10:06:58 PDT"]
[Termination "adriangschnitzer won by checkmate"]

1. e4 c5 2. a3 d6 3. b4 cxb4 4.
axb4 e6 5. Bb2 Nf6 6. d3 Be7 7. g3 O-O 8. Bg2 Qc7 9. Ne2 Nbd7 10. h4 a6 11. h5 h6 12. Nd2 Rb8 13. Nc4 b6 14.
Qd2 Bb7 15. f4 d5 16. Ne5 dxe4 17. Nxd7 Qxd7 18. O-O exd3 19. cxd3 Nxh5 20. Bh3 Qc6 21. Kh2 Rbd8 22. Nd4 Qd7 23. f5 e5 24. f6 Bxb4 25.
Qxb4 Qd5 26. fxg7 Nxg7 27. Nf5 Nxf5 28. Rxf5 Qxd3 29. Raf1 Rd6 30. Bxe5 Rg6 31. Qxf8+ Kxf8 32. Rxf7+ Ke8 33. Rf8+ Ke7 34. R1f7# 1-0

[Event "*** Titled Tuesday Blitz"]
[Site "Chess.com"]
[Date "2021.03.16"]
[Round "1"]
[White "Beltraxtor"]
[Black "IsaacWiebe"]
[Result "1-0"]
[WhiteElo "2570"]
[BlackElo "2239"]
[TimeControl "180+1"]
[EndTime "10:06:59 PDT"]
[Termination "Beltraxtor won by resignation"]

1. a3 g6 2. g3 Bg7 3. Bg2 Nf6 4.
e4 O-O 5. d4 d6 6. Ne2 e5 7. O-O Nc6 8. b4 exd4 9. Bb2 Re8 10. b5 Ne5 11. Bxd4 Bg4 12. f3 Bd7 13. Nbc3 Nc4 14.
a4 Nh5 15. Bxg7 Nxg7 16. Qd4 Ne5 17. f4 Ne6 18. Qb4 Ng4 19. Nd5 c6 20. h3 cxd5 21. hxg4 dxe4 22. Qxd6 Rc8 23. Rad1 Rxc2 24. Rfe1 Nf8 25.
Nd4 Rc8 26. g5 Bg4 27. Ne2 Bxe2 28. Rxe2 Rc1 29. Qxd8 Rxd8 30. Rxc1 Ne6 31. Rxe4 b6 32. Rec4 Nc5 33. Rxc5 bxc5 34. Rxc5 Rd4 35. a5 Ra4 36. b6 axb6 37. axb6 Rb4 38. b7 Kg7 39. Rc8 Rb1+ 40.
Kh2 h6 41. b8=Q Rxb8 42. Rxb8 hxg5 43. fxg5 f6 44. Rb7+ Kg8 45. gxf6 1-0

[Event "*** Titled Tuesday Blitz"]
[Site "Chess.com"]
[Date "2021.03.16"]
[Round "1"]
[White "Cptn2"]
[Black "jraosam"]
[Result "1-0"]
[WhiteElo "2497"]
[BlackElo "1878"]
[TimeControl "180+1"]
[EndTime "10:07:01 PDT"]
[Termination "Cptn2 won on time"]

1. e4 c5 2. Nf3 d6 3. d4 cxd4 4. Nxd4 Nf6 5. Nc3 g6 6. Be3 Bg7 7. f3 Nc6 8. Qd2 Bd7 9. g4 O-O 10. h4 h5 11. Nxc6 bxc6 12. Bh6 Bxg4 13. fxg4 Nxg4 14.
Bxg7 Kxg7 15. Be2 Ne5 16. O-O-O Rb8 17. Rdg1 Rh8 18. Rg5 Qb6 19. Nd1 f6 20. Rg3 Qb4 21. Qe3 Qa5 22. Kb1 Rb4 23. Rhg1 Qb6 24. Qd2 Rxe4 25. Bd3 Rg4 26. Ne3 Rxg3 27. Rxg3 Rb8 28. c3 Kf7 29. Nc4 Nxc4 30. Bxc4+ d5 31. Bb3 a5 32.
Qd3 Rg8 33. Bc2 c5 34. Rxg6 c4 35. Qxd5+ e6 36. Qd7+ 1-0